 Dungeon Crawl Stone Soup version 0.31.0-9-g3a7656b989 (webtiles) character file.

Game seed: 14653695112717747409

17 qw the Shooter (level 2, -1/16 HPs)
             Began as a Deep Elf Hunter on Feb 2, 2024.
             Slain by a ribbon worm (6 damage)
             ... on level 2 of the Dungeon.
             The game lasted 00:00:02 (968 turns).

qw the Shooter (Deep Elf Hunter)                     Turns: 968, Time: 00:00:03

Health: -1/16      AC:  3    Str:  8    XL:     2   Next: 44%
Magic:  4/4        EV: 12    Int: 13    God:
Gold:   64         SH:  0    Dex: 18    Spells: 1/1 levels left

rFire   . . .        a - +0 shortbow
rCold   . . .        (shield currently unavailable)
rNeg    . . .        c - +0 leather armour
rPois   .            (no helmet)
rElec   .            (no cloak)
rCorr   .            (no gloves)
SInv    .            (no boots)
Will    .....        (no amulet)
Stlth   ++           (no ring)
HPRegen 0.22/turn    (no ring)
MPRegen 0.09/turn

%: no passive effects
@: no status effects
A: no striking features
a: no special abilities


You were on level 2 of the Dungeon.
You visited 1 branch of the dungeon, and saw 2 of its levels.

You collected 64 gold pieces.


   Skills:
 - Level 1.5 Fighting
 + Level 6.2 Ranged Weapons
 - Level 2.4 Dodging
 - Level 1.2 Stealth


You had one spell level left.
You didn't know any spells.
Your spell library was empty.

Inventory:

Hand Weapons
 a - a +0 shortbow (weapon)
Armour
 c - a +0 leather armour (worn)
Scrolls
 b - a scroll of identify
 d - a scroll of enchant weapon {unknown}
 i - 3 scrolls of teleportation
Potions
 e - a potion of attraction {unknown}
 j - a potion of mutation {unknown}

Dungeon Overview and Level Annotations

Branches:
Dungeon (2/15)

Altars:


Message History

You shoot an arrow.
The arrow completely misses the ribbon worm.
The ribbon worm expels a string of sticky webbing.
The stream of webbing hits you but does no damage.
You are caught in a web!
You struggle to detach yourself from the web.
You struggle to detach yourself from the web.
The web tears apart.
You shoot an arrow. The arrow hits the ribbon worm.
The ribbon worm is moderately wounded.
The ribbon worm bites you.
You shoot an arrow.
The arrow completely misses the ribbon worm.
The ribbon worm misses you.
You shoot an arrow.
The arrow barely misses the ribbon worm.
The ribbon worm bites you.
You shoot an arrow. The arrow hits the ribbon worm.
The ribbon worm is lightly wounded.
The ribbon worm bites you.
You shoot an arrow. The arrow hits the ribbon worm!
The ribbon worm is heavily wounded.
The ribbon worm closely misses you.
You shoot an arrow.
The arrow barely misses the ribbon worm.
The ribbon worm expels a string of sticky webbing.
The stream of webbing hits you but does no damage.
You are caught in a web!
You struggle to detach yourself from the web.
The ribbon worm bites you.
The web tears apart.
You shoot an arrow.
The arrow hits the ribbon worm but does no damage.
The ribbon worm is moderately wounded.
The ribbon worm expels a string of sticky webbing.
The stream of webbing misses you.
You shoot an arrow. The arrow hits the ribbon worm.
The ribbon worm is severely wounded.
The ribbon worm bites you.
You die...

#.....# #########
##...####......>#
#...)....#####.#
##.####### #.# #.#
#.# # ##+## #.#
###...## #.#
##.....##
#####.####
#.......##
#..%.@w..#
.........#
#.....##.#
.........+......!.
..
.........###....###
## #.......## #.#.#
##.....## #.#.
###.%.## # .. #
##'## ##.# ####.#
#.#


You could see a ribbon worm (catching breath).

Vanquished Creatures
  A dart slug (D:1)
  3 endoplasms (D:1)
  A giant cockroach (D:2)
  A goblin (D:2)
  A hobgoblin (D:1)
  3 quokkas
  A frilled lizard (D:1)
  A kobold (D:1)
  A rat (D:2)
13 creatures vanquished.

Notes
Turn   | Place    | Note
-------+----------+-------------------------------------------
     0 | D:1      | qw the Deep Elf Hunter began the quest for the Orb.
     0 | D:1      | Reached XP level 1. HP: 12/12 MP: 3/3
     0 | D:1      | 0 ||| qw: Version: 0.3-a-155-g5e7d8dd
     0 | D:1      | 0 ||| qw: Game counter: 2197
     0 | D:1      | 0 ||| qw: Melee chars always use a shield: true
     0 | D:1      | 0 ||| qw: God list: Okawaru
     0 | D:1      | 0 ||| qw: Allow faded altars: false
     0 | D:1      | 0 ||| qw: Do Orc after clearing Dungeon:15 true
     0 | D:1      | 0 ||| qw: Do second Lair branch before Depths: true
     0 | D:1      | 0 ||| qw: Lair rune preference: random
     0 | D:1      | 0 ||| qw: Goals: Normal
     0 | D:1      | 0 ||| PLANNING D:1-11
   238 | D:1      | Reached XP level 2. HP: 7/16 MP: 4/4
   240 | D:1      | Reached skill level 6 in Ranged Weapons
   776 | D:1      | 776 ||| READING scroll labelled BOUTUA NIMI.
   776 | D:1      | 776 ||| IDENTIFYING fizzy emerald potion
   777 | D:1      | 777 ||| READING scroll labelled XUTOCK PAPNUS.
   778 | D:1      | 778 ||| READING scroll labelled ITHRONT LAWEPP.
   779 | D:1      | 779 ||| READING 4 scrolls labelled OREACS GODE.
   782 | D:1      | 782 ||| READING 2 scrolls labelled FYMIFUIWIR.
   783 | D:1      | 783 ||| DROPPING scroll of butterflies.
   784 | D:1      | 784 ||| DROPPING potion of berserk rage.
   785 | D:1      | 785 ||| DROPPING scroll of noise.
   968 | D:2      | Slain by a ribbon worm

Levels and vault maps discovered:
D:1:      spicycebolla_green_bress_n_ham_2, layout_basic, minmay_tripent
D:2:      layout_loops_corners, st_stairs_6

Skill      XL: |  1  2 |
---------------+-------+-----
Ranged Weapons | 6 |  6.2
Fighting       | |  1.5
Dodging        | |  2.4
Stealth        | |  1.2

Action                     || total
---------------------------++-------
   Fire: Shortbow          ||    42
    Use: Scroll            ||     5
 Armour: Leather armour    ||     8
  Dodge: Dodged            ||     9

Table legend:
 A = Non-vault XP
 B = Vault XP
 C = Vault XP percentage of total XP
 D = Non-vault monster count
 E = Vault monster count
 F = Vault count percentage of total count
                 A         B        C        D         E       F
            +---------+---------+-------+---------+---------+-------
      Total |      21 |       4 |  16.0 |      11 |       2 |  15.4
            +---------+---------+-------+---------+---------+-------
        D:1 |      14 |       4 |  22.2 |       7 |       2 |  22.2
        D:2 |       7 |       0 |   0.0 |       4 |       0 |   0.0
            +---------+---------+-------+---------+---------+-------
